[Event "19th IPCA WCC 2019"]
[Site "Ruzomberok"]
[Date "2019.07.04"]
[Round "7.6"]
[White "Juvan, Jaka"]
[Black "Palin, Denis"]
[Result "0-1"]
[ECO "C10"]
[WhiteElo "2168"]
[BlackElo "2180"]
[Annotator "NA"]
[PlyCount "112"]
[EventDate "2019.06.28"]
[EventType "swiss"]
[EventCountry "SVK"]
[SourceTitle "playchess.com"]
[Source "ChessBase"]
[SourceQuality "1"]
[TimeControl "5400+30"]

1. e4 e6 2. d4 d5 3. Nd2 dxe4 4. Nxe4 Nd7 5. Nf3 Ngf6 6. Nxf6+ Nxf6 7. c3 Be7 8. Bd3 O-O 9. Qc2 b6 10. Bf4 Bb7 11. Qe2 c5 12. dxc5 Bxc5 13. Rd1 Qc8 14. O-O Qc6 15. Bb5 Qe4 16. Qxe4 Bxe4 17. Nd2 Bb7 18. Nb3 Be7 19. Nd4 Rac8 20. a4 Rfd8 21. a5 bxa5 22. Nb3 Bd5 23. Nxa5 Rc5 24. c4 Bxc4 25. Bxc4 Rxd1 26. Rxd1 Rxa5 27. Bd2 Rc5 28. b3 a5 29. Bc3 Nd5 30. Bd4 Rc6 31. h4 Bxh4 32. Bb5 Rc8 33. Ba6 Rd8 34. Bc5 Bf6 35. Bb7 Nc3 36. Rxd8+ Bxd8 37. Bc6 f5 38. Kf1 Kf7 39. Bd4 Nd5 40. Ke2 g5 41. g3 h5 42. Kf3 Bc7 43. Be3 f4 44. gxf4 Bxf4 45. Bd4 Bc7 46. Kg2 g4 47. Bc5 h4 48. Bd4 Kg6 49. Bb5 h3+ 50. Kh1 Bb6 51. Bxb6 Nxb6 52. Kh2 Kg5 53. Kg3 Nd5 54. Be2 Nf6 55. f3 Nh5+ 56. Kh2 g3+ 0-1

[Event "19th IPCA WCC 2019"]
[Site "Ruzomberok"]
[Date "2019.07.04"]
[Round "7.7"]
[White "Sovetov, Oleksandr"]
[Black "Kovacevic, Krsto"]
[Result "0-1"]
[ECO "E33"]
[WhiteElo "2009"]
[BlackElo "2049"]
[Annotator "NA"]
[PlyCount "72"]
[EventDate "2019.06.28"]
[EventType "swiss"]
[EventCountry "SVK"]
[SourceTitle "playchess.com"]
[Source "ChessBase"]
[SourceQuality "1"]
[TimeControl "5400+30"]

1. d4 Nf6 2. c4 e6 3. Nc3 Bb4 4. Qc2 Nc6 5. Nf3 d6 6. e4 Bxc3+ 7. bxc3 O-O 8. Bd3 e5 9. d5 Nb8 10. c5 Nbd7 11. cxd6 cxd6 12. Ba3 Qc7 13. O-O Nc5 14. Nd2 Bd7 15. Nb3 b6 16. Bxc5 bxc5 17. Nd2 Rab8 18. Rab1 h6 19. Nc4 Rxb1 20. Rxb1 Rb8 21. Rb3 Kf8 22. f3 Ne8 23. Qb2 Rxb3 24. Qxb3 Bc8 25. Qb5 Qb7 26. Qc6 Qxc6 27. dxc6 Be6 28. a4 Bxc4 29. Bxc4 a5 30. Kf2 Nc7 31. Kg3 Ke7 32. h4 Ne6 33. Kg4 g6 34. Kg3 Kd8 35. Kf2 Kc7 36. Bd5 Nd8 0-1

[Event "19th IPCA WCC 2019"]
[Site "Ruzomberok"]
[Date "2019.07.04"]
[Round "7.8"]
[White "Tersinsev, Andrey"]
[Black "Gedgafov, Chamal"]
[Result "0-1"]
[ECO "A45"]
[WhiteElo "2164"]
[BlackElo "2163"]
[Annotator "NA"]
[PlyCount "90"]
[EventDate "2019.06.28"]
[EventType "swiss"]
[EventCountry "SVK"]
[SourceTitle "playchess.com"]
[Source "ChessBase"]
[SourceQuality "1"]
[TimeControl "5400+30"]

1. d4 Nf6 2. Nc3 d5 3. Bf4 c6 4. e3 Bf5 5. f3 e6 6. g4 Bg6 7. h4 h6 8. h5 Bh7 9. Bd3 Bd6 10. Nge2 Qc7 11. Bxh7 Nxh7 12. Qd3 Nd7 13. Bxd6 Qxd6 14. e4 dxe4 15. Nxe4 Qe7 16. c4 Nhf6 17. N2c3 O-O-O 18. O-O-O Nxe4 19. Nxe4 Nf6 20. Nc5 b6 21. Na4 Rd7 22. Kb1 Rhd8 23. Qc3 c5 24. d5 exd5 25. Rhe1 Qf8 26. Qa3 Rd6 27. cxd5 Rxd5 28. Rc1 Kb8 29. Nc3 Rd3 30. Qa4 R8d4 31. Qa6 Qc8 32. Qxc8+ Kxc8 33. Nb5 Rd7 34. b4 a6 35. Nc3 cxb4 36. Nd5+ Kb7 37. Nxf6 gxf6 38. Rf1 a5 39. Rce1 Rd2 40. Re8 Rg2 41. Rh8 Rdd2 42. Rxh6 Rb2+ 43. Kc1 Rxa2 44. Kb1 a4 45. Rxf6 a3 0-1

[Event "19th IPCA WCC 2019"]
[Site "Ruzomberok"]
[Date "2019.07.04"]
[Round "7.9"]
[White "Shashikant, Kutwal"]
[Black "Belak, Stefan"]
[Result "1-0"]
[ECO "C10"]
[WhiteElo "2176"]
[BlackElo "1851"]
[Annotator "NA"]
[PlyCount "93"]
[EventDate "2019.06.28"]
[EventType "swiss"]
[EventCountry "SVK"]
[SourceTitle "playchess.com"]
[Source "ChessBase"]
[SourceQuality "1"]
[TimeControl "5400+30"]

1. e4 e6 2. d4 d5 3. Nc3 h6 4. Nf3 Nf6 5. e5 Ne4 6. Bd3 Nxc3 7. bxc3 c5 8. O-O Nc6 9. Re1 Qa5 10. Bd2 c4 11. Bf1 Bd7 12. h4 Qa4 13. Nh2 Be7 14. h5 O-O-O 15. g3 Rdg8 16. Ng4 Kb8 17. Bh3 Bc8 18. a3 Ka8 19. Kh2 Nd8 20. f4 Re8 21. Ne3 Nc6 22. f5 Bg5 23. Rf1 Rhf8 24. f6 gxf6 25. exf6 Qa5 26. Ng4 Rh8 27. Re1 Reg8 28. Qc1 Qc7 29. Bf4 Bxf4 30. Qxf4 Qxf4 31. gxf4 Kb8 32. Rg1 Kc7 33. Ne3 Rf8 34. Rg7 Bd7 35. f5 Kd6 36. fxe6 Bxe6 37. Bxe6 fxe6 38. Rf1 Nd8 39. Ng4 Nf7 40. Re1 Ng5 41. Ne5 Rd8 42. Rxb7 Rhf8 43. Rf1 Rg8 44. Rxa7 Rge8 45. Rb1 Nf3+ 46. Nxf3 Rb8 47. Ne5 1-0

[Event "19th IPCA WCC 2019"]
[Site "Ruzomberok"]
[Date "2019.07.04"]
[Round "7.10"]
[White "Jennitha, Anto K."]
[Black "Obodchuk, Andrei"]
[Result "0-1"]
[ECO "B20"]
[WhiteElo "1972"]
[BlackElo "2316"]
[Annotator "NA"]
[PlyCount "76"]
[EventDate "2019.06.28"]
[EventType "swiss"]
[EventCountry "SVK"]
[SourceTitle "playchess.com"]
[Source "ChessBase"]
[SourceQuality "1"]
[TimeControl "5400+30"]

1. e4 c5 2. b3 g6 3. Bb2 Nf6 4. Qf3 d6 5. Bb5+ Nbd7 6. Nc3 Bg7 7. O-O-O O-O 8. h3 a6 9. Be2 Ne5 10. Qe3 b5 11. f4 Nc6 12. g4 b4 13. Na4 Nd4 14. Nf3 Nxe2+ 15. Qxe2 Bb7 16. d3 Bc6 17. Kb1 c4 18. Bxf6 exf6 19. dxc4 Re8 20. Nb2 Bxe4 21. Qf2 f5 22. g5 Qc7 23. Rhe1 d5 24. Nd4 Rad8 25. Rd2 Rd7 26. Red1 Red8 27. h4 h5 28. Qg1 dxc4 29. Nxc4 Rd5 30. Qe3 Qc5 31. Ne6 Qxe3 32. Nxe3 fxe6 33. Nxd5 exd5 34. Kc1 Rc8 35. Rh2 Rc3 36. Rdd2 Rg3 37. Rd1 Rf3 38. Rdd2 Rxf4 0-1

[Event "19th IPCA WCC 2019"]
[Site "Ruzomberok"]
[Date "2019.07.04"]
[Round "7.11"]
[White "Wielecki, Zygmunt"]
[Black "Gerasimova, Svetlana"]
[Result "1/2-1/2"]
[ECO "C62"]
[WhiteElo "2145"]
[BlackElo "1913"]
[Annotator "NA"]
[PlyCount "48"]
[EventDate "2019.06.28"]
[EventType "swiss"]
[EventCountry "SVK"]
[SourceTitle "playchess.com"]
[Source "ChessBase"]
[SourceQuality "1"]
[TimeControl "5400+30"]

1. e4 e5 2. Nf3 Nc6 3. Bb5 d6 4. d4 a6 5. Ba4 b5 6. Bb3 Be7 7. c3 Nf6 8. O-O O-O 9. a4 Bg4 10. Be3 Na5 11. Bc2 Nc4 12. Bc1 c5 13. b3 Nb6 14. dxe5 Bxf3 15. Qxf3 dxe5 16. Qe2 c4 17. a5 cxb3 18. Bxb3 Nbd7 19. c4 Nc5 20. Rd1 Qc7 21. Bc2 b4 22. Nd2 Rfd8 23. Re1 Rab8 24. Nb3 Ne6 1/2-1/2

[Event "19th IPCA WCC 2019"]
[Site "Ruzomberok"]
[Date "2019.07.04"]
[Round "7.12"]
[White "Jurkiewicz, Krzysztof"]
[Black "Roehrig, Uwe"]
[Result "1-0"]
[ECO "E91"]
[WhiteElo "2275"]
[BlackElo "1802"]
[Annotator "NA"]
[PlyCount "47"]
[EventDate "2019.06.28"]
[EventType "swiss"]
[EventCountry "SVK"]
[SourceTitle "playchess.com"]
[Source "ChessBase"]
[SourceQuality "1"]
[TimeControl "5400+30"]

1. d4 Nf6 2. c4 g6 3. Nc3 Bg7 4. e4 d6 5. Be2 O-O 6. Nf3 Nbd7 7. Bg5 h6 8. Bh4 Nh7 9. O-O Qe8 10. Rc1 c5 11. Nd5 g5 12. Bg3 Qd8 13. h3 Nb6 14. dxc5 Nxd5 15. cxd5 Bxb2 16. Rc2 Bg7 17. cxd6 exd6 18. Nd4 f5 19. Nxf5 Bxf5 20. exf5 Rxf5 21. Bg4 Rf7 22. Be6 Nf6 23. Qf3 Qf8 24. Rc7 1-0

[Event "19th IPCA WCC 2019"]
[Site "Ruzomberok"]
[Date "2019.07.04"]
[Round "7.13"]
[White "Tsapalin, Sergey"]
[Black "Kozicz, Andrzej"]
[Result "1-0"]
[ECO "D31"]
[WhiteElo "1935"]
[BlackElo "1979"]
[Annotator "NA"]
[PlyCount "61"]
[EventDate "2019.06.28"]
[EventType "swiss"]
[EventCountry "SVK"]
[SourceTitle "playchess.com"]
[Source "ChessBase"]
[SourceQuality "1"]
[TimeControl "5400+30"]

1. d4 d5 2. c4 e6 3. Nc3 f5 4. Nf3 c6 5. Bf4 Bd6 6. e3 Nf6 7. Bd3 O-O 8. Qc2 Ne4 9. O-O Qe7 10. Bxd6 Qxd6 11. Ne5 Nd7 12. f4 Ndf6 13. c5 Qe7 14. b4 Bd7 15. a4 Nxc3 16. Qxc3 Rfc8 17. Rfb1 Ne4 18. Bxe4 fxe4 19. Qe1 a6 20. Rb2 Be8 21. h4 Bf7 22. g4 Kh8 23. h5 g5 24. hxg6 hxg6 25. g5 Kg7 26. Rh2 Rh8 27. Raa2 Rxh2 28. Rxh2 Rh8 29. Rxh8 Kxh8 30. Qh4+ Kg8 31. Ng4 1-0

[Event "19th IPCA WCC 2019"]
[Site "Ruzomberok"]
[Date "2019.07.04"]
[Round "7.14"]
[White "Zavarsky, Juraj"]
[Black "Pamarthi Audietya Aazadh"]
[Result "1-0"]
[ECO "B78"]
[WhiteElo "2000"]
[BlackElo "1346"]
[Annotator "NA"]
[PlyCount "147"]
[EventDate "2019.06.28"]
[EventType "swiss"]
[EventCountry "SVK"]
[SourceTitle "playchess.com"]
[Source "ChessBase"]
[SourceQuality "1"]
[TimeControl "5400+30"]

1. e4 c5 2. Nf3 d6 3. d4 cxd4 4. Nxd4 g6 5. Nc3 Bg7 6. Be3 Nf6 7. Bc4 O-O 8. f3 Nc6 9. Qd2 Bd7 10. O-O-O Na5 11. Be2 a6 12. Nb3 Nxb3+ 13. cxb3 Rc8 14. Kb1 b5 15. g4 Rb8 16. h4 b4 17. Nd5 Nxd5 18. exd5 Bb5 19. h5 Qd7 20. Bxb5 Rxb5 21. Bh6 f5 22. hxg6 hxg6 23. Bxg7 Kxg7 24. Qd4+ Kf7 25. Rh7+ Ke8 26. Rh8 e5 27. dxe6 Qxe6 28. Rxf8+ Kxf8 29. Qxd6+ Qxd6 30. Rxd6 Kf7 31. Kc2 fxg4 32. fxg4 Rg5 33. Rd4 a5 34. Kd3 Ke6 35. Ke3 Rc5 36. Rc4 Rd5 37. Rc6+ Kf7 38. Ra6 Re5+ 39. Kf4 Rc5 40. Ke4 Rg5 41. Ra7+ Kf6 42. Kf4 Rc5 43. g5+ Ke6 44. Rg7 Rf5+ 45. Kg4 Rf2 46. Rxg6+ Ke5 47. Ra6 Rxb2 48. Rxa5+ Ke6 49. Kh5 Kf7 50. Ra7+ Ke6 51. Kh6 Rh2+ 52. Kg7 Rg2 53. g6 Rg4 54. Ra4 Rd4 55. Ra7 Rg4 56. Rf7 Rg2 57. Rf4 Rxa2 58. Rxb4 Ra7+ 59. Kh6 Ra2 60. Re4+ Kf6 61. Rf4+ Ke5 62. Rf3 Ke6 63. Kh7 Rh2+ 64. Kg8 Ke7 65. g7 Rh4 66. Re3+ Kd7 67. Kf7 Rf4+ 68. Kg6 Rg4+ 69. Kh7 Rh4+ 70. Kg8 Kd8 71. Re5 Kd7 72. Kf7 Rf4+ 73. Kg6 Kd6 74. Rg5 {[%emt 0:00:12] Kd5} 1-0

[Event "19th IPCA WCC 2019"]
[Site "Ruzomberok"]
[Date "2019.07.04"]
[Round "7.15"]
[White "Matana, Zoran"]
[Black "Sovietova, Kateryna"]
[Result "1-0"]
[ECO "E73"]
[WhiteElo "1818"]
[BlackElo "1279"]
[Annotator "NA"]
[PlyCount "123"]
[EventDate "2019.06.28"]
[EventType "swiss"]
[EventCountry "SVK"]
[SourceTitle "playchess.com"]
[Source "ChessBase"]
[SourceQuality "1"]
[TimeControl "5400+30"]

1. d4 Nf6 2. c4 g6 3. Nc3 Bg7 4. e4 d6 5. Be2 O-O 6. Be3 Nbd7 7. h3 b6 8. Bf3 Rb8 9. Nge2 c5 10. Ng3 cxd4 11. Bxd4 Bb7 12. O-O Bc6 13. a4 a5 14. Re1 Nc5 15. b3 Re8 16. Rb1 e5 17. Bxc5 bxc5 18. Nb5 Bxb5 19. axb5 Qb6 20. Qd2 Red8 21. Ra1 Ra8 22. Ra4 Ra7 23. Nf1 Bf8 24. g3 Bg7 25. Rea1 Rda8 26. R1a2 Nd7 27. Bg2 Bf8 28. Qe1 Bh6 29. Ne3 Bxe3 30. Qxe3 Nf8 31. f4 Qd8 32. Rd2 Qb6 33. f5 Qd8 34. h4 Kh8 35. Rf2 Qd7 36. Bh3 Qd8 37. Qd3 Nd7 38. Rd2 Nb6 39. Ra1 Qf8 40. Qxd6 Qxd6 41. Rxd6 Rb8 42. Bf1 Rd7 43. Rxd7 Nxd7 44. Rxa5 Kg7 45. Ra6 Nf6 46. Bg2 Ng4 47. Bf3 Nf6 48. g4 Rd8 49. g5 Nd7 50. f6+ Kf8 51. Rc6 Ke8 52. Bg4 Nb8 53. Rxc5 Nd7 54. Bxd7+ Rxd7 55. Rxe5+ Kd8 56. Rd5 Rxd5 57. exd5 Kc7 58. c5 Kd7 59. b6 Kc8 60. c6 Kd8 61. d6 Kc8 62. b4 1-0

[Event "19th IPCA WCC 2019"]
[Site "Ruzomberok"]
[Date "2019.07.04"]
[Round "7.16"]
[White "Zicho, Anton"]
[Black "Pilimon, Zbigniew"]
[Result "1-0"]
[ECO "B50"]
[WhiteElo "1662"]
[BlackElo "1670"]
[Annotator "NA"]
[PlyCount "47"]
[EventDate "2019.06.28"]
[EventType "swiss"]
[EventCountry "SVK"]
[SourceTitle "playchess.com"]
[Source "ChessBase"]
[SourceQuality "1"]
[TimeControl "5400+30"]

1. e4 c5 2. Nf3 d6 3. c3 Nf6 4. e5 dxe5 5. Nxe5 e6 6. Bb5+ Bd7 7. Nxd7 Nbxd7 8. O-O Be7 9. d4 cxd4 10. Qxd4 O-O 11. Be3 Qc7 12. Nd2 Rfd8 13. Rfd1 Ne5 14. Qf4 Bd6 15. Ne4 Nxe4 16. Qxe4 Ng6 17. g3 h6 18. Ba4 Rac8 19. Bb3 b5 20. Bxe6 fxe6 21. Qxg6 Bc5 22. Qxe6+ Kh8 23. Bf4 Re8 24. Qxe8+ {[%emt 0:00:41] Ra8 Qe5} 1-0

[Event "19th IPCA WCC 2019"]
[Site "Ruzomberok"]
[Date "2019.07.04"]
[Round "7.17"]
[White "Kaydanovich, Marina"]
[Black "Frumin, Rebeka"]
[Result "1-0"]
[ECO "A05"]
[WhiteElo "1760"]
[BlackElo "1398"]
[Annotator "NA"]
[PlyCount "89"]
[EventDate "2019.06.28"]
[EventType "swiss"]
[EventCountry "SVK"]
[SourceTitle "playchess.com"]
[Source "ChessBase"]
[SourceQuality "1"]
[TimeControl "5400+30"]

1. Nf3 Nf6 2. d4 d5 3. c4 e6 4. e3 Be7 5. Bd3 O-O 6. Nbd2 b6 7. O-O Bb7 8. Qe2 Ne4 9. Rd1 Nd7 10. Nf1 Ndf6 11. Ne5 Bd6 12. f3 Ng5 13. h4 Nxf3+ 14. Nxf3 dxc4 15. Bxc4 Be4 16. N1d2 Bg6 17. e4 Ng4 18. e5 Be7 19. g3 Bh5 20. Ne4 Rb8 21. Bf4 Qd7 22. Kg2 f5 23. Nc3 Kh8 24. d5 Qc8 25. dxe6 Bc5 26. a3 a5 27. Rab1 h6 28. b4 Be7 29. Nd5 Qe8 30. Nxc7 Qc8 31. Nb5 Qc6 32. Bd5 Qc8 33. Rbc1 Qe8 34. Bc6 Qg6 35. Bd7 axb4 36. axb4 Bxb4 37. Nd6 Bxd6 38. Rxd6 Qh7 39. e7 Rg8 40. Qb5 Ra8 41. Qb1 Rab8 42. Bxf5 g6 43. Bxg4 Bxg4 44. Rc7 Rg7 45. Rd8+ 1-0

[Event "19th IPCA WCC 2019"]
[Site "Ruzomberok"]
[Date "2019.07.04"]
[Round "7.18"]
[White "Felegyi, Karoly"]
[Black "Samarth J Rao"]
[Result "0-1"]
[ECO "C50"]
[WhiteElo "1674"]
[BlackElo "1593"]
[Annotator "NA"]
[PlyCount "66"]
[EventDate "2019.06.28"]
[EventType "swiss"]
[EventCountry "SVK"]
[SourceTitle "playchess.com"]
[Source "ChessBase"]
[SourceQuality "1"]
[TimeControl "5400+30"]

1. e4 e5 2. Nf3 Nc6 3. Bc4 Bc5 4. d3 h6 5. Nc3 Nf6 6. O-O O-O 7. a3 d6 8. b4 Bb6 9. Be3 Bg4 10. Qd2 Bxf3 11. gxf3 Nd4 12. Bxd4 Bxd4 13. Rab1 Bxc3 14. Qxc3 Nh5 15. Qd2 Qf6 16. Qe3 Nf4 17. Kh1 c6 18. Rg1 d5 19. exd5 cxd5 20. Bb3 a5 21. Rbe1 Rfe8 22. Qd2 a4 23. Ba2 b5 24. Re3 Rac8 25. Bb1 d4 26. Re4 Rc3 27. Rg4 Qc6 28. Rgxf4 exf4 29. Qxf4 Rxe4 30. fxe4 Rxa3 31. Kg2 Ra1 32. c4 Rxb1 33. Qb8+ Kh7 0-1

[Event "19th IPCA WCC 2019"]
[Site "Ruzomberok"]
[Date "2019.07.04"]
[Round "7.19"]
[White "Konkolova, Nikola"]
[Black "Angappan A"]
[Result "0-1"]
[ECO "C42"]
[WhiteElo "1518"]
[BlackElo "1267"]
[Annotator "NA"]
[PlyCount "84"]
[EventDate "2019.06.28"]
[EventType "swiss"]
[EventCountry "SVK"]
[SourceTitle "playchess.com"]
[Source "ChessBase"]
[SourceQuality "1"]
[TimeControl "5400+30"]

1. e4 e5 2. Nf3 Nf6 3. Nc3 Bb4 4. a3 Bxc3 5. dxc3 O-O 6. Bd3 h6 7. O-O Nc6 8. h3 d5 9. Re1 dxe4 10. Be2 exf3 11. Bxf3 Qxd1 12. Rxd1 Bf5 13. Bxc6 bxc6 14. Re1 Rfe8 15. Re2 Rab8 16. b3 Nd5 17. c4 Nf4 18. Bxf4 exf4 19. Rae1 Rxe2 20. Rxe2 Kf8 21. Kf1 Rd8 22. Ke1 Re8 23. Rxe8+ Kxe8 24. Kd2 Kd7 25. c3 Kd6 26. b4 c5 27. h4 Be4 28. g3 fxg3 29. fxg3 f5 30. Ke3 g5 31. hxg5 hxg5 32. g4 Bb1 33. gxf5 Bxf5 34. Kf3 Ke5 35. bxc5 Be6 36. Kg3 Bxc4 37. Kg4 Kd5 38. Kxg5 Kxc5 39. Kf6 Bb5 40. Ke7 Kc4 41. Kd8 c6 42. Kc7 Kxc3 0-1

[Event "19th IPCA WCC 2019"]
[Site "Ruzomberok"]
[Date "2019.07.04"]
[Round "7.21"]
[White "Engel, Katalin"]
[Black "Korber, Antonin"]
[Result "1/2-1/2"]
[ECO "A40"]
[WhiteElo "1537"]
[BlackElo "1759"]
[Annotator "NA"]
[PlyCount "29"]
[EventDate "2019.06.28"]
[EventType "swiss"]
[EventCountry "SVK"]
[SourceTitle "playchess.com"]
[Source "ChessBase"]
[SourceQuality "1"]
[TimeControl "5400+30"]

1. d4 e6 2. c4 c5 3. Nc3 cxd4 4. Qxd4 Nc6 5. Qd1 Bb4 6. Nf3 Nge7 7. Bf4 O-O 8. e3 Bxc3+ 9. bxc3 d5 10. c5 Qa5 11. Qc2 Qxc5 12. Bd3 h6 13. O-O Bd7 14. Ne5 Nxe5 15. Bxe5 1/2-1/2

[Event "19th IPCA WCC 2019"]
[Site "Ruzomberok"]
[Date "2019.07.04"]
[Round "7.22"]
[White "Kostova, Erika"]
[Black "Wollner, Bohus"]
[Result "1/2-1/2"]
[ECO "D04"]
[WhiteElo "1210"]
[BlackElo "1222"]
[Annotator "NA"]
[PlyCount "87"]
[EventDate "2019.06.28"]
[EventType "swiss"]
[EventCountry "SVK"]
[SourceTitle "playchess.com"]
[Source "ChessBase"]
[SourceQuality "1"]
[TimeControl "5400+30"]

1. d4 d5 2. e3 Nf6 3. Nf3 Bg4 4. Nc3 e6 5. Be2 Bb4 6. Bd2 O-O 7. Ng1 Bxe2 8. Ngxe2 Bxc3 9. Nxc3 Nc6 10. O-O Re8 11. Re1 a6 12. Ne2 Ne4 13. Nf4 Qf6 14. Nd3 b6 15. f3 Nxd2 16. Qxd2 Rad8 17. c3 Na5 18. b4 Nb7 19. Ne5 c5 20. Qd3 b5 21. Qf1 c4 22. g3 Ra8 23. f4 Nd6 24. Ng4 Qd8 25. Nf2 Ne4 26. Nxe4 dxe4 27. Qe2 f5 28. Red1 Qe7 29. Qd2 Red8 30. Qf2 Rd5 31. Rd2 g6 32. h3 Kh8 33. Rb2 a5 34. Qh2 a4 35. a3 Rg8 36. h4 Rg7 37. Qh3 h5 38. Rg2 Rh7 39. Kf2 Qf7 40. Ke2 Kg8 41. Rh1 Rh6 42. Rgh2 Kg7 43. Qg2 Kh7 44. Rh3 1/2-1/2

[Event "19th IPCA WCC 2019"]
[Site "Ruzomberok"]
[Date "2019.07.05"]
[Round "8.1"]
[White "Tebenkov, Vladislav"]
[Black "Yarmonov, Igor"]
[Result "0-1"]
[ECO "B18"]
[WhiteElo "2096"]
[BlackElo "2389"]
[Annotator "NA"]
[PlyCount "164"]
[EventDate "2019.06.28"]
[EventType "swiss"]
[EventCountry "SVK"]
[SourceTitle "playchess.com"]
[Source "ChessBase"]
[SourceQuality "1"]
[TimeControl "5400+30"]

1. e4 c6 2. d4 d5 3. Nc3 dxe4 4. Nxe4 Bf5 5. Ng3 Bg6 6. Nh3 e6 7. Nf4 Bd6 8. h4 Qc7 9. Nxg6 hxg6 10. Ne4 Bf4 11. Bxf4 Qxf4 12. Ng5 Nd7 13. g3 Qd6 14. Qd2 Nh6 15. Bg2 Nf6 16. O-O-O O-O-O 17. Qa5 Kb8 18. Rd3 Qc7 19. Qxc7+ Kxc7 20. Rhd1 Rd7 21. c3 Rhd8 22. Kc2 Nf5 23. Ne4 Nxe4 24. Bxe4 Rh8 25. Bxf5 gxf5 26. f4 Kd6 27. Kd2 Rdd8 28. Ke3 f6 29. Kf3 g5 30. hxg5 fxg5 31. fxg5 Rdg8 32. Re1 Rxg5 33. Rde3 Rg6 34. b3 Rh3 35. Kg2 Rh5 36. Rh1 Rxh1 37. Kxh1 c5 38. Rd3 cxd4 39. Rxd4+ Ke7 40. Kg2 e5 41. Rb4 b6 42. Kf3 e4+ 43. Kf2 Kf6 44. Rc4 Rg7 45. Rc6+ Kg5 46. Rc8 Kg4 47. Re8 b5 48. c4 bxc4 49. bxc4 Kg5 50. Rc8 Rd7 51. c5 Rd2+ 52. Ke3 Rd3+ 53. Kf2 Rf3+ 54. Kg2 Rc3 55. c6 Kf6 56. Kf2 Ke7 57. Rc7+ Ke6 58. Rxa7 Rxc6 59. a4 Ke5 60. Re7+ Kf6 61. Ra7 Rc2+ 62. Kf1 Ra2 63. a5 Kg5 64. Rg7+ Kh6 65. Ra7 Kh5 66. Rg7 Rxa5 67. Kf2 Ra6 68. Rg8 Rg6 69. Rh8+ Kg5 70. Ke3 Ra6 71. Rg8+ Kf6 72. Rf8+ Ke6 73. Re8+ Kf7 74. Re5 Ra3+ 75. Kf2 Kf6 76. Re8 Ra2+ 77. Ke3 Rg2 78. Rg8 Kf7 79. Rg5 Ke6 80. Rg6+ Ke5 81. Rg8 Rxg3+ 82. Rxg3 f4+ {[%emt 0:00:03] Kd4+} 0-1

[Event "19th IPCA WCC 2019"]
[Site "Ruzomberok"]
[Date "2019.07.05"]
[Round "8.2"]
[White "Gedgafov, Chamal"]
[Black "Mukha, Nikolay"]
[Result "0-1"]
[ECO "A16"]
[WhiteElo "2163"]
[BlackElo "2159"]
[Annotator "NA"]
[PlyCount "162"]
[EventDate "2019.06.28"]
[EventType "swiss"]
[EventCountry "SVK"]
[SourceTitle "playchess.com"]
[Source "ChessBase"]
[SourceQuality "1"]
[TimeControl "5400+30"]

1. c4 Nf6 2. Nc3 g6 3. g3 Bg7 4. Bg2 O-O 5. e4 d6 6. Nge2 c5 7. O-O Nc6 8. d3 Ne8 9. Be3 Nd4 10. Qd2 Bg4 11. f3 Bd7 12. h3 a6 13. Rac1 b5 14. Kh2 b4 15. Nd5 Nxe2 16. Qxe2 e6 17. Nf4 a5 18. Qd2 Nc7 19. Ne2 Qe7 20. f4 Rad8 21. Ng1 f5 22. exf5 exf5 23. d4 Rfe8 24. Rfe1 Qf8 25. Qf2 Ne6 26. Nf3 cxd4 27. Nxd4 Nc5 28. Bd5+ Kh8 29. Rcd1 Qf6 30. Qg2 Rc8 31. b3 Ne4 32. Nf3 Nc3 33. Rd2 h6 34. Bd4 Qf8 35. Rxe8 Rxe8 36. Nh4 Kh7 37. Bb6 a4 38. Ba5 axb3 39. axb3 Re3 40. Bxb4 Nxd5 41. Qxd5 Qe8 42. Rf2 Bc6 43. Qd2 Qe4 44. Ng2 Rxb3 45. Bxd6 Rb2 46. Qxb2 Bxb2 47. Rxb2 Qxc4 48. Be5 Kg8 49. Rd2 Kf7 50. h4 Qe4 51. Rb2 g5 52. hxg5 hxg5 53. Rd2 Kg6 54. Rd6+ Kh5 55. Rxc6 Qxc6 56. fxg5 Kxg5 57. Ne3 Qe4 58. Bf4+ Kf6 59. Ng2 Qe2 60. Kh3 Ke6 61. Nh4 Qe4 62. Kh2 Kd5 63. Kg1 Kc4 64. Ng2 Kd3 65. Kf2 Qe2+ 66. Kg1 Ke4 67. Nh4 Qe1+ 68. Kg2 Qb1 69. Ng6 Qc2+ 70. Kg1 Qd1+ 71. Kg2 Qe2+ 72. Kg1 Qe1+ 73. Kg2 Kd3 74. Nh4 Qe2+ 75. Kh3 Qg4+ 76. Kg2 Ke2 77. Kg1 Qh3 78. Ng2 Qh8 79. Nh4 Qd4+ 80. Kh2 Qf2+ 81. Kh3 Qf1+ {[%emt 0:00:11] Kg2 Qe1 Kg1 Kd3+ Kg2 Kd4} 0-1

[Event "19th IPCA WCC 2019"]
[Site "Ruzomberok"]
[Date "2019.07.05"]
[Round "8.3"]
[White "Valenta, Vit"]
[Black "Babula, Milan"]
[Result "1-0"]
[ECO "C17"]
[WhiteElo "2147"]
[BlackElo "2220"]
[Annotator "NA"]
[PlyCount "113"]
[EventDate "2019.06.28"]
[EventType "swiss"]
[EventCountry "SVK"]
[SourceTitle "playchess.com"]
[Source "ChessBase"]
[SourceQuality "1"]
[TimeControl "5400+30"]

1. e4 e6 2. d4 d5 3. Nc3 Bb4 4. e5 c5 5. a3 Ba5 6. dxc5 Bxc3+ 7. bxc3 Ne7 8. Be3 Nd7 9. Qg4 O-O 10. Nf3 Ng6 11. Bd3 Ndxe5 12. Nxe5 Nxe5 13. Bxh7+ Kxh7 14. Qh5+ Kg8 15. Qxe5 f6 16. Qh5 Qa5 17. O-O Qxc3 18. Qg6 Rf7 19. Rad1 Bd7 20. Rd4 Kf8 21. Rh4 Ke7 22. Bd4 Qa5 23. Rb1 Bc6 24. Rh7 Rg8 25. f4 Qc7 26. g3 Kd8 27. Re1 Qd7 28. h4 Kc8 29. h5 Rgf8 30. h6 gxh6 31. Rxf7 Qxf7 32. Qxf7 Rxf7 33. Rxe6 f5 34. Rxh6 Ba4 35. c3 Bc2 36. Be5 Be4 37. Kf2 Re7 38. Ke3 Kd7 39. Kd4 Re6 40. Rh7+ Re7 41. Rh2 Kc6 42. a4 Kd7 43. Bf6 Rf7 44. Rh6 Ke6 45. Be5+ Kd7 46. a5 a6 47. Rb6 Kd8 48. c6 bxc6 49. Rxa6 Rb7 50. Rxc6 Kd7 51. Rd6+ Ke7 52. Rb6 Ra7 53. a6 Kd8 54. Bb8 Ra8 55. a7 Kc8 56. Rg6 Kd7 {[%emt 0:00:08] Kxe4} 57. Kc5 1-0

[Event "19th IPCA WCC 2019"]
[Site "Ruzomberok"]
[Date "2019.07.05"]
[Round "8.4"]
[White "Nowak, Lukasz"]
[Black "Gurbanov, Andrei"]
[Result "0-1"]
[ECO "B01"]
[WhiteElo "2267"]
[BlackElo "2300"]
[Annotator "NA"]
[PlyCount "68"]
[EventDate "2019.06.28"]
[EventType "swiss"]
[EventCountry "SVK"]
[SourceTitle "playchess.com"]
[Source "ChessBase"]
[SourceQuality "1"]
[TimeControl "5400+30"]

1. e4 d5 2. exd5 Qxd5 3. Nc3 Qd8 4. d4 Nf6 5. Nf3 Bg4 6. h3 Bxf3 7. Qxf3 c6 8. Bf4 e6 9. O-O-O Nbd7 10. Kb1 Be7 11. Bd3 Nd5 12. Nxd5 cxd5 13. g4 O-O 14. h4 Nb6 15. g5 Na4 16. Bc1 Qb6 17. Ka1 Rac8 18. Qh5 g6 19. Qg4 f5 20. gxf6 Bxf6 21. c3 Bg7 22. Rh2 e5 23. dxe5 Bxe5 24. f4 Bg7 25. f5 Qa5 26. fxg6 h6 27. Re2 Rxc3 28. Re7 Rxc1+ 29. Rxc1 Bxb2+ 30. Kb1 Qb6 31. Qxa4 Bxc1+ 32. Qb5 Qxb5+ 33. Bxb5 Ba3 34. Bd7 Bxe7 0-1